 Dungeon Crawl Stone Soup version 0.20.0-8-g6b59dc7 (webtiles) character file.

121 vatarom the Grave Robber (level 4, 0/35 HPs)
             Began as a Demonspawn Necromancer on June 1, 2017.
             Slain by an orc
             ... wielding a +1 flail of draining
              (12 damage)
             ... on level 3 of the Dungeon.
             The game lasted 00:07:47 (2553 turns).

vatarom the Grave Robber (Demonspawn Necromancer)   Turns: 2553, Time: 00:07:48

Health: 0/35       AC:  6    Str:  9    XL:     4   Next: 76%
Magic:  2/8        EV: 12    Int: 17    God:
Gold:   166        SH:  0    Dex: 13    Spells: 1/9 levels left

rFire    . . .     SeeInvis .   f - +0 hand axe
rCold    . . .     Gourm    .   (no shield)
rNeg     . . .     Faith    .   a - +0 robe
rPois    .         Spirit   .   (helmet restricted)
rElec    .         Reflect  .   (no cloak)
rCorr    .         Harm     .   h - +1 pair of gloves
MR       .....                  (no boots)
Stlth    ++........             (no amulet)
Regen    0.2/turn               (no ring)
MPRegen  0.2/turn               (no ring)

@: drained
A: antennae 2, slimy green scales 1
a: no special abilities


You were on level 3 of the Dungeon.
You were full.

You visited 1 branch of the dungeon, and saw 3 of its levels.

You collected 166 gold pieces.

Inventory:

Hand Weapons
 f - a +0 hand axe (weapon)
Armour
 a - a +0 robe (worn)
 h - a +1 pair of gloves (worn)
Wands
 k - a wand of flame (48/48)
Scrolls
 d - 3 scrolls of identify
 e - 3 scrolls of remove curse
 l - a scroll of enchant armour
 m - a scroll of amnesia
Potions
 i - a potion of flight
Books
 b - a book of Necromancy

   Spells                             Type                      Level
   a - Pain                           Necromancy                   1
   b - Animate Skeleton               Necromancy                   1
   c - Vampiric Draining              Necromancy                   3
   d - Regeneration                   Charms/Necromancy            3
   e - Animate Dead                   Necromancy                   4
   f - Control Undead                 Necromancy                   4
Comestibles
 c - 5 bread rations
 g - 4 fruits


   Skills:
 - Level 3.0(2.2) Fighting
 - Level 1.9(1.2) Dodging
 - Level 1.8(1.1) Stealth
 * Level 3.0(2.3) Spellcasting
 + Level 4.8(4.0) Necromancy


You had one spell level left.
You knew the following spells:

 Your Spells              Type           Power        Failure   Level  Hunger
a - Pain                  Necr           ###.         3%          1    #......
b - Animate Skeleton      Necr           N/A          3%          1    #......
c - Vampiric Draining     Necr           ###.......   11%         3    ###....
d - Regeneration          Chrm/Necr      #.........   24%         3    ###....


Dungeon Overview and Level Annotations

Branches:
Dungeon (3/15)

Altars:

Annotations:
D:3 Grinder


Innate Abilities, Weirdness & Mutations

You have a pair of antennae on your head.
You are partially covered in slimy green scales. (AC +2)


Message History

You hit the orc but do no damage. The orc barely misses you.
You barely miss the orc. The orc hits you but does no damage.
You feel drained.
You hit the orc.
The orc is heavily wounded.
The orc hits you with a flail of draining.
You feel drained.
Casting: Pain
Confirm with . or Enter, or press ? or * to list all spells.
You don't have enough magic to cast that spell.
You hit the orc but do no damage.
The orc is heavily wounded.
The orc hits you with a flail of draining.
You feel drained.
Casting: Pain
Confirm with . or Enter, or press ? or * to list all spells.
Okay, then.
You hit the orc but do no damage.
The orc is heavily wounded.
The orc hits you with a flail of draining!
You die...

#######..>.#
#...<...#.##
#.#.##..#.#
#.#..#..#.#
#.#.....#.#
#.#####.#.#
#.......#.#
{#########.#
{......o@..#
###########


You could see an orc.

Vanquished Creatures
  3 adders
  2 oozes (D:2)
  3 worms
  2 dart slugs
  2 leopard geckos
  3 orcs (D:3)
  7 giant cockroaches
  3 goblins
  8 hobgoblins
  2 jackals (D:1)
  5 kobolds
  2 ball pythons
  6 bats
  3 frilled lizards
  6 rats
57 creatures vanquished.

Vanquished Creatures (collateral kills)
  An adder (D:2)
  A bat (D:1)
  A rat (D:2)
3 creatures vanquished.

Grand Total: 60 creatures vanquished

Notes
Turn   | Place    | Note
-------+----------+-------------------------------------------
     0 | D:1      | vatarom the Demonspawn Necromancer began the quest for the Orb.
     0 | D:1      | Reached XP level 1. HP: 13/13 MP: 3/3
    40 | D:1      | Learned a level 1 spell: Animate Skeleton
   189 | D:1      | Reached skill level 1 in Fighting
   189 | D:1      | Gained mutation: You are partially covered in slimy green scales. (AC +2) [demonic ancestry]
   189 | D:1      | Reached XP level 2. HP: 13/21 MP: 1/5
  1060 | D:2      | Gained mutation: You have a pair of small antennae on your head. [demonic ancestry]
  1060 | D:2      | Reached XP level 3. HP: 23/27 MP: 2/6
  1566 | D:2      | Learned a level 3 spell: Vampiric Draining
  1668 | D:2      | Gained mutation: You have a pair of antennae on your head. [demonic ancestry]
  1668 | D:2      | Reached XP level 4. HP: 30/34 MP: 2/7
  2123 | D:2      | Learned a level 3 spell: Regeneration
  2448 | D:3      | Noticed Grinder
  2553 | D:3      | Slain by an orc

Skill      XL: |  1  2  3  4 |
---------------+-------------+-----
Fighting       | 1 2 3 |  3.0
Spellcasting   | 3 |  3.0
Dodging        | |  1.9
Stealth        | |  1.8
Necromancy     | |  4.8

Action                   |  1- 3 |  4- 6 || total
-------------------------+-------+-------++-------
Melee: Unarmed           |    19 |       ||    19
       Hand axe          |    68 |    60 ||   128
 Cast: Pain              |    36 |    34 ||    70
       Animate Skeleton  |    12 |     3 ||    15
  Use: Scroll            |     5 |     2 ||     7
       Potion            |     2 |     2 ||     4
 Stab: Sleeping          |     3 |     1 ||     4
  Eat: Chunk             |     3 |     3 ||     6
       Bread ration      |       |     1 ||     1
Armor: Robe              |    46 |    28 ||    74
Dodge: Dodged            |    74 |    35 ||   109
